 Dungeon Crawl Stone Soup version 0.30.0-10-gfe55d96785 (webtiles) character file.

Game seed: 4351794473242539427

336 GigaChad the Chopper (level 6, -5/49 HPs)
             Began as a Formicid Fighter on May 16, 2023.
             Slain by an orc warrior
             ... wielding a +0 halberd
              (13 damage)
             ... on level 3 of the Dungeon.
             The game lasted 00:02:47 (2119 turns).

GigaChad the Chopper (Formicid Fighter)             Turns: 2119, Time: 00:02:47

Health: -5/49      AC:  7    Str: 22    XL:     6   Next: 84%
Magic:  6/6        EV: 10    Int:  8    God:
Gold:   221        SH:  6    Dex: 19    Spells: 5/5 levels left

rFire   . . .        j - +0 broad axe (elec)
rCold   . . .        c - +0 buckler
rNeg    . . .        b - +0 scale mail
rPois   .            (helmet unavailable)
rElec   .            (no cloak)
rCorr   .            (no gloves)
SInv    +            (no boots)
Will    .....        (no amulet) Stlth
                     h - +6 ring of dexterity
HPRegen 0.28/turn    (no ring)
MPRegen 0.10/turn

%: no passive effects
@: no status effects
A: permanent stasis, dig shafts and tunnels, antennae 3, four strong arms
a: Dig, Shaft Self


You were on level 3 of the Dungeon.
You visited 1 branch of the dungeon, and saw 3 of its levels.

You collected 221 gold pieces.

Inventory:

Hand Weapons
 a - a +0 war axe
 j - a +0 broad axe of electrocution (weapon)
Armour
 b - a +0 scale mail (worn)
 c - a +0 buckler (worn)
Jewellery
 h - a +6 ring of dexterity (left hand)
 m - a ring of resist corrosion
Scrolls
 k - 2 scrolls of magic mapping {unknown}
 l - 2 scrolls of fear
 n - a scroll of vulnerability {unknown}
Potions
 d - a potion of might
 e - a potion of resistance {unknown}
 f - 4 potions of brilliance {unknown}
 g - 3 potions of heal wounds {unknown}
 i - a potion of invisibility {unknown}


   Skills:
 + Level 4.4 Fighting
 + Level 5.0 Axes
 + Level 4.3 Armour
 + Level 1.2 Dodging
 + Level 4.4 Shields


You had 5 spell levels left.
You didn't know any spells.
Your spell library contained the following spells:

 Spells                   Type           Power      Damage    Failure   Level
 Beastly Appendage        Tmut           0%         N/A       80%         1
 Wereblood                Tmut           0%         N/A       90%         2
 Spider Form              Tmut/Pois      0%         N/A       99%         3
 Manifold Assault         Tloc           0%         N/A       100%        4
 Storm Form               Tmut/Air       0%         N/A       100%        7
 Blink                    Tloc           Unusable   N/A       N/A         2

Dungeon Overview and Level Annotations

Branches:
Dungeon (3/15)

Altars:
Uskayaw

Shops:
D:3 :


Innate Abilities, Weirdness & Mutations

You cannot be hasted, slowed, berserked, paralysed or teleported.
You can dig through walls and to a lower floor.
You have a pair of large antennae on your head. (SInv)
Your four strong arms can wield two-handed weapons with a shield.


Message History

You slash the frilled lizard!
Lightning courses through the frilled lizard!!
You kill the frilled lizard!
The orc warrior closely misses you.
Your Axes skill increases to level 5!
You hit the orc warrior.
The orc warrior is severely wounded.
You closely miss the orc. You barely miss the orc.
You block the orc warrior's attack. The orc closely misses you.
The orc hits you with a +0 hand axe.
Unknown command.
You closely miss the orc warrior.
The orc warrior is severely wounded.
You barely miss the orc. You closely miss the orc.
The orc warrior completely misses you. The orc misses you. x2
The orc warrior hits you but does no damage.
You block the orc's attack. The orc closely misses you.
Unknown command.
You barely miss the orc warrior.
The orc warrior is severely wounded.
You hit the orc. You closely miss the orc.
The orc warrior hits you with a +0 halberd.
* * * LOW HITPOINT WARNING * * *
The orc barely misses you. The orc closely misses you.
You are too injured to fight recklessly!
Unknown command.
Unknown command.
You barely miss the orc warrior.
The orc warrior is severely wounded.
You slash the orc! Lightning courses through the orc!
You kill the orc!
You barely miss the orc. You block the orc warrior's attack.
The orc hits you with a +0 hand axe.
* * * LOW HITPOINT WARNING * * *
You hit the orc warrior but do no damage.
The orc warrior is severely wounded.
You closely miss the orc. The orc warrior closely misses you.
The orc hits you but does no damage.
The orc warrior hits you with a +0 halberd!
You die...

#.# #..# ### ...##..#
...##..# { {{ #..##..#
##..##..### #...#.....# {
...##<##.# ###
####)o##.##.# ##
#..##..#@o#..##.# .####
+......'..#..##.# ....#
##8..8##..#..##.# .##.#{
##..######.###.# .#.##
#.)# #......# ..##
######..### #......# .##
##....#..#.# #......#
..###.##..#..#.###......#
.#.#.#######'#.........##


You could see an orc warrior and an orc.

Vanquished Creatures
  An ogre (D:3)
  2 orc priests (D:3)
  An orc wizard (D:3)
  7 gnolls
  2 adders (D:2)
  A worm (D:3)
  3 dart slugs
  4 orcs (D:3)
  4 endoplasms
  4 giant cockroaches
  5 goblins
  8 hobgoblins
  2 quokkas
  7 ball pythons
  10 bats
  5 frilled lizards
  6 kobolds
  6 rats
78 creatures vanquished.

Notes
Turn   | Place    | Note
-------+----------+-------------------------------------------
     0 | D:1      | GigaChad the Formicid Fighter began the quest for the Orb.
     0 | D:1      | Reached XP level 1. HP: 18/18 MP: 1/1
   287 | D:1      | Reached XP level 2. HP: 24/24 MP: 2/2
   646 | D:1      | Reached XP level 3. HP: 29/29 MP: 3/3
   929 | D:1      | You fall into a shaft and drop 1 floor!
  1030 | D:2      | Reached XP level 4. HP: 35/37 MP: 4/4
  1113 | D:2      | Reached skill level 3 in Axes
  1403 | D:2      | Reached XP level 5. HP: 7/42 MP: 5/5
  1549 | D:3      | Reached skill level 4 in Axes
  1651 | D:3      | Identified a scroll of acquirement
  1651 | D:3      | Acquired a +0 broad axe of electrocution
  1840 | D:3      | Found Usibuhu's Book Shoppe.
  1955 | D:3      | Noticed a +0 hand axe
  1955 | D:3      | Noticed a +0 dagger
  1961 | D:3      | Found a hide-covered altar of Uskayaw.
  2031 | D:3      | Reached skill level 1 in Dodging
  2031 | D:3      | Reached XP level 6. HP: 48/48 MP: 6/6
  2094 | D:3      | Noticed an ogre
  2099 | D:3      | Killed an ogre
  2110 | D:3      | Noticed an orc warrior
  2115 | D:3      | Reached skill level 5 in Axes
  2119 | D:3      | Slain by an orc warrior

Illustrated notes

Levels and vault maps discovered:
D:1:      mrwooster_arrival_statue_2, layout_loops_corners,
          hangedman_abyss_or_decor_lesser_grid, nicolae_hexahallways
D:2:      layout_basic, grunt_decor_junction
D:3:      minmay_chambers_of_twos, layout_loops_ring, dancing_weapons_uskayaw,
          serial_shops, shop, minivault_11, minmay_gold_behind_fungi,
          corexii_hall_statues_l

Skill      XL: |  1  2  3  4  5  6 |
---------------+-------------------+-----
Axes           | 3 4 5 |  5.0
Fighting       | 4 |  4.4
Armour         | 4 |  4.3
Dodging        | 1 |  1.2
Shields        | |  4.4

Action                     |  1- 3 |  4- 6 || total
---------------------------+-------+-------++-------
  Melee: War axe           |    95 |    46 ||   141
         Broad axe         |       |    47 ||    47
    Use: Scroll            |     2 |     2 ||     4
 Armour: Scale mail        |    48 |    36 ||    84
  Dodge: Dodged            |    50 |    52 ||   102
  Block: Buckler           |    26 |    30 ||    56
